 Dungeon Crawl Stone Soup version 0.25.1-2-g60ff931df9 (webtiles) character file.

Game seed: 9162491195960133102

113 skhv the Magician (level 4, -1/32 HPs)
             Began as a Gnoll Wizard on Oct 27, 2020.
             Slain by a howler monkey (5 damage)
             ... on level 3 of the Dungeon.
             The game lasted 00:04:03 (2526 turns).

skhv the Magician (Gnoll Wizard)                    Turns: 2526, Time: 00:04:04

Health: -1/32      AC:  2    Str: 10    XL:     4   Next: 96%
Magic:  10/13      EV: 14    Int: 20    God:
Gold:   165        SH:  0    Dex: 14    Spells: 11/17 levels left

rFire    . . .     SeeInvis .   n - +0 morningstar
rCold    . . .     Gourm    .   (no shield)
rNeg     . . .     Faith    .   a - +0 robe
rPois    .         Spirit   .   b - +0 hat
rElec    .         Reflect  .   (no cloak)
rCorr    .         Harm     .   (no gloves)
MR       .....                  (no boots)
Stlth    +++.......             (no amulet)
HPRegen  0.10/turn              (no ring)
MPRegen  0.13/turn              (no ring)

@: lightly drained
A: distributed training, fangs 1, strong nose
a: no special abilities


You were on level 3 of the Dungeon.
You were hungry.

You visited 1 branch of the dungeon, and saw 3 of its levels.

You collected 165 gold pieces.

Inventory:

Hand Weapons
 h - a +0 spear
 n - a +0 morningstar (weapon)
Armour
 a - a +0 robe (worn)
 b - a +0 hat (worn)
Jewellery
 l - a +6 ring of strength {unknown}
Scrolls
 e - 6 scrolls of identify {unknown}
 f - 4 scrolls of teleportation {unknown}
 g - 2 scrolls of remove curse {unknown}
 i - a scroll of amnesia {unknown}
Potions
 c - a potion of curing {unknown}
 j - a potion of ambrosia {unknown}
 k - a potion of invisibility {unknown}
 m - a potion of heal wounds {unknown}
 o - 2 potions of haste {unknown}
 p - a potion of mutation {unknown}
 q - a potion of degeneration {unknown}
 r - a potion of flight {unknown}
Comestibles
 d - 4 rations


   Skills:
 + Level 1.2(1.1) Fighting
 + Level 1.2(1.1) Short Blades
 + Level 1.2(1.1) Long Blades
 + Level 1.2(1.1) Axes
 + Level 1.2(1.1) Maces & Flails
 + Level 1.2(1.1) Polearms
 + Level 1.2(1.1) Staves
 + Level 1.2(1.1) Slings
 + Level 1.2(1.1) Bows
 + Level 1.2(1.1) Crossbows
 + Level 1.2(1.1) Throwing
 + Level 1.2(1.1) Armour
 + Level 4.7(4.6) Dodging
 + Level 4.3(4.2) Stealth
 + Level 1.2(1.1) Shields
 + Level 1.2(1.1) Unarmed Combat
 + Level 7.2(7.1) Spellcasting
 + Level 2.3(2.2) Conjurations
 + Level 1.0(0.9) Hexes
 + Level 1.0(0.9) Charms
 + Level 2.3(2.2) Summonings
 + Level 1.0(0.9) Necromancy
 + Level 2.3(2.2) Translocations
 + Level 1.0(0.9) Transmutations
 + Level 1.0(0.9) Fire Magic
 + Level 1.0(0.9) Ice Magic
 + Level 1.0(0.9) Air Magic
 + Level 1.0(0.9) Earth Magic
 + Level 1.0(0.9) Poison Magic
 + Level 1.4(1.3) Invocations
 + Level 1.2(1.1) Evocations


You had 11 spell levels left.
You knew the following spells:

 Your Spells              Type           Power        Failure   Level  Hunger
a - Magic Dart            Conj           ###.         3%          1    None
b - Blink                 Tloc           N/A          6%          2    None
c - Mephitic Cloud        Conj/Pois/Air  ##......     16%         3    #......

Your spell library contained the following spells:

 Spells                   Type           Power        Failure   Level  Hunger
 Call Imp                 Summ           ###.....     6%          2    None
 Slow                     Hex            ##......     10%         2    None
 Conjure Flame            Conj/Fire      ##......     14%         3    #......


Dungeon Overview and Level Annotations

Branches:
Dungeon (3/15)

Altars:
Dithmenos


Innate Abilities, Weirdness & Mutations

Your experience applies equally to all skills.
You have very sharp teeth.
Your uncanny sense of smell can sniff out nearby items.


Message History

The howler monkey hits you!
* * * LOW HITPOINT WARNING * * *
The howler monkey hits you.
* * * LOW HITPOINT WARNING * * *
Casting: Mephitic Cloud (quite dangerous; 16% risk of failure)
Confirm with . or Enter, or press ? or * to list all spells.
You blink.
A frilled lizard comes into view.
You closely miss the frilled lizard. The frilled lizard closely misses you.
You completely miss the frilled lizard. The frilled lizard bites you.
* * * LOW HITPOINT WARNING * * *
The frilled lizard closely misses you. The howler monkey barely misses you.
You thump the frilled lizard!
You kill the frilled lizard!
The howler monkey barely misses you. The howler monkey closely misses you.
The howler monkey hoots and howls with incredible vigour!
Your magical contamination has completely faded away.
The howler monkey hits you.
You die...

############
#..<.......#
..#@#.######.#.#
....#h#......#.#.#
..#.#.#....#.#.#.#
#.#.#J#.#....#.#.#
#.#.#.#.######.#.#
#.#.#.#........#.#
#.#.#.##########.#
#................#
###J..####......###


You could see a howler monkey and an ooze.

Vanquished Creatures
  Terence (D:3)
  2 adders (D:2)
  An ooze (D:1)
  A worm (D:3)
  A dart slug (D:1)
  5 leopard geckos
  7 bats
  2 giant cockroaches
  2 goblins
  10 hobgoblins
  3 jackals
  5 kobolds
  A quokka (D:2)
  A ball python (D:1)
  7 frilled lizards
  6 rats
55 creatures vanquished.

Notes
Turn   | Place    | Note
-------+----------+-------------------------------------------
     0 | D:1      | skhv the Gnoll Wizard began the quest for the Orb.
     0 | D:1      | Reached XP level 1. HP: 13/13 MP: 8/8
   318 | D:1      | Reached XP level 2. HP: 19/19 MP: 6/10
   876 | D:1      | Learned a level 2 spell: Blink
   896 | D:2      | Reached XP level 3. HP: 24/25 MP: 8/11
   901 | D:2      | Learned a level 3 spell: Mephitic Cloud
  1225 | D:2      | Reached skill level 1 in Invocations
  1572 | D:2      | Reached skill level 1 in Fighting
  1572 | D:2      | Reached skill level 1 in Short Blades
  1572 | D:2      | Reached skill level 1 in Long Blades
  1572 | D:2      | Reached skill level 1 in Axes
  1572 | D:2      | Reached skill level 1 in Maces & Flails
  1572 | D:2      | Reached skill level 1 in Polearms
  1572 | D:2      | Reached skill level 1 in Staves
  1572 | D:2      | Reached skill level 1 in Slings
  1572 | D:2      | Reached skill level 1 in Bows
  1572 | D:2      | Reached skill level 1 in Crossbows
  1572 | D:2      | Reached skill level 1 in Throwing
  1572 | D:2      | Reached skill level 1 in Armour
  1572 | D:2      | Reached skill level 1 in Shields
  1572 | D:2      | Reached skill level 1 in Unarmed Combat
  1572 | D:2      | Reached skill level 1 in Evocations
  1612 | D:2      | Reached XP level 4. HP: 32/32 MP: 7/13
  2329 | D:3      | Found a shadowy altar of Dithmenos.
  2485 | D:3      | Noticed Terence
  2500 | D:3      | Killed Terence
  2500 | D:3      | Reached skill level 1 in Hexes
  2500 | D:3      | Reached skill level 1 in Charms
  2500 | D:3      | Reached skill level 1 in Necromancy
  2500 | D:3      | Reached skill level 1 in Transmutations
  2500 | D:3      | Reached skill level 1 in Fire Magic
  2500 | D:3      | Reached skill level 1 in Ice Magic
  2500 | D:3      | Reached skill level 1 in Air Magic
  2500 | D:3      | Reached skill level 1 in Earth Magic
  2500 | D:3      | Reached skill level 1 in Poison Magic
  2526 | D:3      | Slain by a howler monkey

Illustrated notes

Levels and vault maps discovered:
D:1:      dpeg_arrival_solitude, layout_basic, st_stairs_11
D:2:      minmay_general_purpose_star, layout_basic, serial_glass,
          glass_columns_b, glass_columns_b, minmay_joined_circles
D:3:      layout_basic, nicolae_overflow_crystal_walls,
          nicolae_dithmenos_shadow_blocks, uniq_terence

Skill      XL: |  1  2  3  4 |
---------------+-------------+-----
Conjurations   | 2 |  2.3
Summonings     | 2 |  2.3
Translocations | 2 |  2.3
Invocations    | 1 |  1.4
Fighting       | 1 |  1.2
Short Blades   | 1 |  1.2
Long Blades    | 1 |  1.2
Axes           | 1 |  1.2
Maces & Flails | 1 |  1.2
Polearms       | 1 |  1.2
Staves         | 1 |  1.2
Slings         | 1 |  1.2
Bows           | 1 |  1.2
Crossbows      | 1 |  1.2
Throwing       | 1 |  1.2
Armour         | 1 |  1.2
Shields        | 1 |  1.2
Unarmed Combat | 1 |  1.2
Evocations     | 1 |  1.2
Hexes          | 1 |  1.0
Charms         | 1 |  1.0
Necromancy     | 1 |  1.0
Transmutations | 1 |  1.0
Fire Magic     | 1 |  1.0
Ice Magic      | 1 |  1.0
Air Magic      | 1 |  1.0
Earth Magic    | 1 |  1.0
Poison Magic   | 1 |  1.0
Dodging        | |  4.7
Stealth        | |  4.3
Spellcasting   | |  7.2

Action                   |  1- 3 |  4- 6 || total
-------------------------+-------+-------++-------
Melee: Spear             |    30 |       ||    30
       Bite              |     3 |     1 ||     4
       Morningstar       |     4 |    14 ||    18
 Cast: Magic Dart        |    68 |    37 ||   105
       Mephitic Cloud    |       |     1 ||     1
       Blink             |       |     1 ||     1
 Stab: Sleeping          |     1 |       ||     1
  Eat: Chunk             |     2 |     2 ||     4
Armor: Robe              |     8 |     1 ||     9
Dodge: Dodged            |    46 |    13 ||    59
